 Dungeon Crawl Stone Soup version 0.29.1-1-gd02db6906a (webtiles) character file.

Game seed: 1694870666590387833

133 keekatzer the Sneak (level 5, 0/30 HPs)
             Began as a Kobold Enchanter on Sept 18, 2022.
             Killed from afar by Natasha (7 damage)
             ... with a magic dart
             ... on level 3 of the Dungeon.
             The game lasted 00:08:30 (1518 turns).

keekatzer the Sneak (Kobold Enchanter)              Turns: 1518, Time: 00:08:30

Health: 0/30       AC:  3    Str:  5    XL:     5   Next: 40%
Magic:  2/9        EV: 15    Int: 16    God:
Gold:   96         SH:  0    Dex: 18    Spells: 1/9 levels left

rFire   . . .      SeeInvis .   a - +1 dagger
rCold   . . .      Faith    .   (no shield)
rNeg    . . .      Spirit   .   b - +0 robe
rPois   .          Reflect  .   g - +0 helmet
rElec   .          Harm     .   (no cloak)
rCorr   .          Rampage  .   (no gloves)
Will    .....                   (no boots)
Stlth   ++++......              (no amulet)
HPRegen 0.10/turn               (no ring)
MPRegen 0.11/turn               (no ring)

@: no status effects
A: small, no large weapons, nightstalker 3
a: no special abilities


You were on level 3 of the Dungeon.
You visited 1 branch of the dungeon, and saw 3 of its levels.

You collected 96 gold pieces.

Inventory:

Hand Weapons
 a - a +1 dagger (weapon)
Armour
 b - a +0 robe (worn)
 g - a +0 helmet (worn)
Scrolls
 d - a scroll of poison {unknown}
 f - 2 scrolls of teleportation {unknown}
 h - a scroll of amnesia {unknown}
 k - a scroll of fog {unknown}
 m - a scroll of noise {unknown}
 n - 2 scrolls of identify {unknown}
Potions
 c - 2 potions of invisibility
 e - a potion of haste {unknown}
 i - 2 potions of mutation {unknown}
 j - a potion of heal wounds {unknown}
 l - a potion of ambrosia {unknown}


   Skills:
 + Level 2.3 Fighting
 + Level 2.3 Short Blades
 + Level 3.0 Dodging
 * Level 5.2 Stealth
 + Level 2.7 Spellcasting
 + Level 3.2 Hexes
 + Level 1.2 Ice Magic


You had one spell level left.
You knew the following spells:

 Your Spells              Type           Power      Damage    Failure   Level
a - Ensorcelled Hibernat  Hex/Ice        18%        N/A       12%         2
b - Confusing Touch       Hex            12%        N/A       16%         3
c - Tukima's Dance        Hex            12%        N/A       16%         3

Your spell library contained the following spells:

 Spells                   Type           Power      Damage    Failure   Level
 Static Discharge         Conj/Air       2%         3-4/arc   28%         2
 Dazzling Flash           Conj/Hex       14%        N/A       30%         3
 Gell's Gravitas          Tloc           2%         N/A       50%         3
 Lesser Beckoning         Tloc           2%         N/A       50%         3
 Teleport Other           Tloc           2%         N/A       50%         3
 Hailstorm                Conj/Ice       4%         3d4       83%         4
 Ice Form                 Ice/Tmut       4%         N/A       83%         4
 Dispel Undead            Necr           2%         3d7       88%         4
 Sticky Flame             Conj/Fire      2%         2d3       88%         4
 Simulacrum               Ice/Necr       2%         N/A       100%        6


Dungeon Overview and Level Annotations

Branches:
Dungeon (3/15)

Altars:
Trog

Shops:
D:1 :

Annotations:
D:3 Natasha, Robin


Innate Abilities, Weirdness & Mutations

You are small and have problems with some larger weapons.
You are completely attuned to the shadows.


Message History

The quokka closely misses you.
You hit the quokka.
The quokka is heavily wounded.
The quokka barely misses you.
You miss the quokka.
The quokka is heavily wounded.
The quokka closely misses you.
You closely miss the quokka.
The quokka is heavily wounded.
The quokka bites you.
You hit the quokka.
The quokka is almost dead.
The quokka bites you.
* * * LOW HITPOINT WARNING * * *
Natasha, Servant of Life and Death comes into view.
You barely miss the quokka.
The quokka is almost dead.
The quokka closely misses you.
Natasha hisses angrily.
You hit the quokka.
You kill the quokka!
You hear a shout!
Natasha mumbles some strange words.
You hear a shout! x6
Robin of the Strong Arm comes into view.
They are wielding a +0 club.
Natasha howls an incantation.
Natasha's front paws start to glow.
Things that are here:
a +0 dagger; a +0 robe; an orc corpse Natasha closely misses you.
Natasha attacks as you move away! Natasha closely misses you.
Robin points. "Kill!"
Robin roars a battlecry!
You hear a shout! x5
Natasha attacks as you move away! Natasha closely misses you.
The crimson imp shouts, "Quit, thou canting fat-kidneyed erk!"
The crimson imp blinks!
Natasha stares at you and mumbles some strange words.
The magic dart hits you!
You die...

##.#####
.......##################
........##...............
.........#.#############.
....g.h.@).†... #.
....)†...#...#. #.
.)...?..##..## #.
........##...# #.
...##.#.##..## #. #. .#
#. #####. ...... #####.


You could see Robin and Natasha.

Vanquished Creatures
  An orc priest (D:3)
  An orc wizard (D:3)
  An adder (D:2)
  2 gnolls (D:3)
  A dart slug (D:1)
  3 orcs (D:3)
  3 ball pythons
  4 endoplasms
  A giant cockroach (D:1)
  5 hobgoblins
  2 jackals (D:1)
  5 kobolds
  4 quokkas
  5 bats
  4 frilled lizards
  2 rats (D:1)
44 creatures vanquished.

Notes
Turn   | Place    | Note
-------+----------+-------------------------------------------
     0 | D:1      | keekatzer the Kobold Enchanter began the quest for the Orb.
     0 | D:1      | Reached XP level 1. HP: 10/10 MP: 3/3
   111 | D:1      | Found Joulupaf's Vocational Training.
   116 | D:1      | Reached skill level 1 in Fighting
   169 | D:1      | Reached XP level 2. HP: 15/16 MP: 5/5
   198 | D:1      | Learned a level 2 spell: Ensorcelled Hibernation
   446 | D:1      | Reached XP level 3. HP: 20/21 MP: 6/6
   515 | D:1      | Learned a level 3 spell: Confusing Touch
   952 | D:2      | Found a bloodstained altar of Trog.
  1154 | D:2      | Reached XP level 4. HP: 26/26 MP: 7/7
  1281 | D:3      | Learned a level 3 spell: Tukima's Dance
  1502 | D:3      | Reached skill level 5 in Stealth
  1502 | D:3      | Reached skill level 1 in Ice Magic
  1502 | D:3      | Reached XP level 5. HP: 12/30 MP: 2/9
  1511 | D:3      | Noticed Natasha
  1514 | D:3      | Noticed Robin
  1518 | D:3      | Killed from afar by Natasha

Illustrated notes

Levels and vault maps discovered:
D:1:      psy_arrival_dodecagon, layout_basic, nicolae_shop_vocational
D:2:      layout_basic, basic_altar
D:3:      layout_loops_ring, mainiacjoe_overflow_alcove_4, serial_shops,
          nicolae_shop_trees, shapermc_ecumenical_altar_acropolis,
          gup_sewer_entry_glass, nicolae_figureground_pulse, uniq_grinder,
          uniq_natasha, uniq_robin

Skill      XL: |  1  2  3  4  5 |
---------------+----------------+-----
Fighting       | 1 2 |  2.3
Short Blades   | 2 |  2.3
Stealth        | 5 |  5.2
Ice Magic      | 1 |  1.2
Dodging        | 3 |  3.0
Spellcasting   | |  2.7
Hexes          | |  3.2

Action                   |  1- 3 |  4- 6 || total
-------------------------+-------+-------++-------
Melee: Dagger            |    75 |    26 ||   101
 Cast: Ensorcelled Hiber |     3 |     9 ||    12
 Stab: Sleeping          |    22 |     7 ||    29
Armor: Robe              |    12 |     2 ||    14
Dodge: Dodged            |    46 |    21 ||    67
